AoeStats
← gerard

Arena

508712072Analyzed
3v3 RM · 10d ago on Sep 23, 2026· 52m 43s· 6 players
Game mode
Random Map
Map size
Normal (6 player)
Population
200
Speed
Normal
Resources
Standard
Victory
Conquest
Starting age
Dark Age
Ending age
Imperial Age
RankedLock teamsTeams togetherTeam positionsShared explorationLock speedFull tech treeHidden civsTurbo modeCheats
Victory
Defeat
🇹🇷 Turks · Türkiye
830
+17
🇹🇷 Portuguese · Türkiye
809
+18
🇹🇷 Goths · Türkiye
759
+20
🇳🇱 Danes · Netherlands
966
-24
🇳🇱 Britons · Netherlands
819
-17
🇳🇱 Franks · Netherlands
750
-14
Adidegmez
13:06 Feudal Age
13:32 Horse Collar
13:40 Double-Bit Axe
15:15 Loom
20:50 Castle Age
19:26 Scale Barding Armor
20:05 Forging
20:35 Stone Mining
20:38 Gold Mining
24:44 Wheelbarrow
24:13 Heavy Plow
25:06 Bow Saw
27:27 Gold Shaft Mining
28:44 Husbandry
28:55 Bloodlines
33:38 Imperial Age
32:24 Loom
34:53 Conscription
33:58 Cavalier
35:02 Chain Barding Armor
35:42 Elite Janissary
38:37 Two-Man Saw
38:03 Hand Cart
37:51 Town Watch
39:04 Iron Casting
42:53 Blast Furnace
48:36 Town Patrol
51:08 Plate Barding Armor
yonissn26
10:38 Feudal Age
8:54 Loom
11:08 Double-Bit Axe
11:07 Horse Collar
19:48 Castle Age
18:09 Gold Mining
18:10 Stone Mining
18:24 Scale Mail Armor
21:01 Squires
25:26 Heavy Plow
28:20 Man-at-Arms
28:21 Pikeman
28:55 Long Swordsman
35:50 Forging
35:31 Fletching
35:42 Padded Archer Armor
39:47 Chain Mail Armor
40:08 Iron Casting
41:40 Ballistics
41:11 Heated Shot
41:02 Treadmill Crane
41:29 Siphons
42:03 Bow Saw
46:34 Imperial Age
44:40 Wheelbarrow
43:51 Town Watch
44:53 Anarchy
47:38 Stone Shaft Mining
47:21 Leather Archer Armor
48:03 Crop Rotation
47:35 Murder Holes
47:47 Perfusion
48:08 Conscription
50:38 Blast Furnace
49:34 Bodkin Arrow
50:30 Elite Huskarl
50:42 Sappers
TIMUR
10:16 Feudal Age
10:42 Double-Bit Axe
13:55 Loom
16:43 Castle Age
15:58 Stone Mining
16:21 Gold Mining
19:08 Fletching
20:42 Bodkin Arrow
33:12 Imperial Age
37:16 Murder Holes
38:46 Chemistry
43:43 Conscription
43:45 Bracer
46:34 Loom
47:25 Wheelbarrow
46:35 Town Watch
wmeijerink
11:23 Feudal Age
14:35 Loom
18:01 Castle Age
17:01 Double-Bit Axe
17:15 Horse Collar
17:27 Town Watch
19:12 Bow Saw
19:55 Padded Archer Armor
21:17 Heavy Plow
23:54 Wheelbarrow
23:10 Crossbowman
26:08 Gold Mining
26:12 Stone Mining
26:42 Fletching
27:07 Leather Archer Armor
27:03 Forging
26:41 Pikeman
29:14 Squires
33:38 Scale Mail Armor
33:52 Squires
39:11 Hand Cart
LinearLeopard
8:16 Loom
10:32 Feudal Age
14:50 Castle Age
12:51 Stone Mining
13:07 Double-Bit Axe
14:34 Town Watch
16:56 Horse Collar
19:31 Fletching
20:26 Bodkin Arrow
21:19 Scale Mail Armor
28:03 Chain Mail Armor
29:05 Arson
29:24 Squires
29:40 Hamask
31:01 Bow Saw
33:14 Wheelbarrow
32:57 Heavy Plow
35:42 Hand Cart
39:25 Imperial Age
37:09 Forging
37:44 Gambesons
38:01 Gold Mining
40:24 Iron Casting
40:20 Man-at-Arms
41:14 Town Patrol
40:39 Elite Varangian Guard
41:54 Plate Mail Armor
42:13 Gold Shaft Mining
41:13 Onager
42:29 Conscription
43:22 Masonry
44:02 Northmen's Fury
45:09 Siege Onager
46:24 Pikeman
46:56 Halberdier
48:39 Blast Furnace
47:43 Bracer
49:17 Ballistics
49:05 Siege Engineers
gerard
9:26 Loom
12:36 Feudal Age
17:48 Castle Age
15:57 Double-Bit Axe
18:07 Gold Mining
18:10 Stone Mining
19:16 Wheelbarrow
20:27 Husbandry
21:10 Scale Barding Armor
25:55 Town Watch
26:32 Hand Cart
27:06 Gambesons
27:24 Squires
26:46 Man-at-Arms
28:02 Pikeman
34:13 Imperial Age
31:23 Long Swordsman
34:30 Two-Handed Swordsman
34:33 Cavalier
36:07 Ballistics
35:43 Murder Holes
35:54 Siege Engineers
35:50 Murder Holes
35:53 Fletching
38:52 Paladin
40:00 Elite Skirmisher
41:42 Champion
Connection lost

Rejoining the realm…

Still unreachable

The connection could not be restored.

Session expired

The server has moved on; the page needs a fresh start.